Cogmind - Beta 14 @@@ ROGUE MODE // 2024.12.31 @ 21:58:39 Player: Beef Result: Destroyed by G-47 Trooper with Particle Gun Performance ------------- Evolutions (2) 1000 Regions Visited (5) 1000 Robots Destroyed (45) 225 Value Destroyed (1294) 1294 Prototype IDs (3) 60 Alien Tech Used (0) 0 Bonus (315) 315 TOTAL SCORE: 3894 Bonus ------- High Alert Combat Kills 115 Entered Garrisons 200 Cogmind --------- Core Integrity 0/550 Matter 290/300 Energy 91/100 System Corruption 0% Temperature Cool (19) Movement Flying (35) Location -8/Materials Parts ------- > --- POWER (1) -------- (None) > --- PROPULSION (4) --- Improved VTOL Module > --- UTILITY (4) ------ Improved Targeting Computer > --- WEAPON (2) ------- (None) > --- INVENTORY (5) ---- Aluminum Leg Titanium Leg Large Battery (200) Sensor Array Particle Cannon Peak State ------------ > --- POWER ------------ Improved Ion Engine > --- PROPULSION ------- Aluminum Leg Aluminum Leg Aluminum Leg Aluminum Leg > --- UTILITY ---------- Large Storage Unit Terrain Scanner Shield Generator > --- WEAPON ----------- Small Laser Beam Rifle > --- INVENTORY -------- Ion Engine Aluminum Leg Aluminum Leg Aluminum Leg Titanium Leg Large Battery Medium Matter Pod Sensor Array Grenade Launcher [Rating: 14] Favorites ----------- Power Improved Ion Engine Engine Improved Ion Engine Propulsion Aluminum Leg Leg Aluminum Leg Flight Unit Improved VTOL Module Utility Large Storage Unit Device Structural Scanner Storage Large Storage Unit Processor Improved Targeting Computer Protection Light Armor Plating Weapon Assault Rifle Energy Gun Small Laser Energy Cannon Particle Cannon Ballistic Gun Assault Rifle Launcher Mini Grenade Launcher Build | -11 -10 -9 -9 -9 -8 ------- Run | Yrd Mat Mat Sto Gar Mat Slots Evolved 4 | . . 2 . . 2 Power . | . . . . . . Propulsion 2 | . . 1 . . 1 Utility 2 | . . 1 . . 1 Weapon . | . . . . . . Parts Attached 57 | 7 8 4 4 22 12 Power 9 | 1 3 . 1 3 1 Engine 9 | 1 3 . 1 3 1 Core . | . . . . . . Reactor . | . . . . . . Propulsion 18 | 2 1 1 2 7 5 Treads . | . . . . . . Leg 17 | 2 1 1 2 7 4 Wheel . | . . . . . . Hover . | . . . . . . Flight 1 | . . . . . 1 Utility 10 | 2 1 2 . 3 2 Device 6 | 1 . 1 . 3 1 Storage 2 | 1 1 . . . . Processor 1 | . . . . . 1 Hackware . | . . . . . . Protection 1 | . . 1 . . . Artifact . | . . . . . . Weapon 20 | 2 3 1 1 9 4 Energy Gun 6 | . . . . 4 2 Energy Cannon 1 | . . . . . 1 Ballistic Gun 10 | 2 3 1 1 3 . Ballistic Cannon . | . . . . . . Launcher 3 | . . . . 2 1 Special Weapon . | . . . . . . Impact Weapon . | . . . . . . Slashing Weapon . | . . . . . . Piercing Weapon . | . . . . . . Special Melee Weapon . | . . . . . . Unidentified Prototypes 1 | . . . . . 1 Parts Lost 30 | . . 1 3 12 14 Power 5 | . . . 1 3 1 Propulsion 7 | . . . . 1 6 Utility 6 | . . 1 1 2 2 Weapon 12 | . . . 1 6 5 Highest Loss Streak 9 | . . 1 2 7 9 To Critical Strikes . | . . . . . . Average Slot Usage (%) 94 | . 99 95 95 95 72 Engine 10 | . 13 11 8 10 7 Leg 30 | . 27 33 33 32 29 Device 15 | . 14 17 11 18 13 Storage 11 | . 14 11 11 11 8 Protection 1 | . . . 10 . . Energy Gun 4 | . . . . 8 12 Ballistic Gun 17 | . 27 22 21 12 . Peak Build Rating 14 | 7 9 12 13 13 14 Average Rating 9 | 4 7 10 11 11 10 On Entrance 8 | . 7 9 12 12 11 Naked Turns 5 | . . . . . 5 Heaviest Build 36 | 12 32 36 36 35 35 Greatest Support 40 | 20 20 30 30 30 40 Greatest Overweight (x) 2 | . 2 1 1 1 2 Average Overweight (x) . | . . 1 . . . Largest Inventory Capacity 15 | 8 15 15 15 15 15 Average Capacity 14 | 6 14 15 15 15 14 Most Carried 15 | 1 11 11 14 15 10 Average Carried 9 | . 6 8 12 12 7 Final Capacity 15 | 8 15 15 15 15 5 Final Carried 13 | 1 10 11 13 10 5 Class Distribution -------------------- 56% | Scavenger-Mutant 43% | Mutant Dominant Class ---------------- Mutant | -10/Materials Mutant | -9/Materials Scavenger-Mutant | -9/Storage Scavenger-Mutant | -9/Garrison Scavenger-Mutant | -8/Materials Resources | -11 -10 -9 -9 -9 -8 ----------- Run | Yrd Mat Mat Sto Gar Mat Matter Collected 1443 | 274 204 118 228 470 149 Remotely 322 | 58 204 60 . . . Salvage Created 1672 | 86 292 118 284 671 221 Parts 97 | 3 31 8 16 28 11 Haulers Intercepted 4 | . 2 . 1 . 1 Recyclers Shooed 2 | . . . . . 2 Parts Field Recycled . | . . . . . . Retrieved Matter . | . . . . . . Parts Self-Destructed . | . . . . . . Prevented . | . . . . . . Kills | -11 -10 -9 -9 -9 -8 ------- Run | Yrd Mat Mat Sto Gar Mat Combat Hostiles Destroyed 31 | . 6 2 3 17 3 Guns 21 | . 6 2 3 9 1 AOE 10 | . . . . 8 2 Classes Destroyed 11 | 1 6 1 1 1 1 Worker 5 | . 3 . . . 2 Builder 1 | . 1 . . . . Hauler 4 | . 2 . 1 . 1 Recycler 2 | 1 . . 1 . . Operator 1 | . 1 . . . . Watcher 1 | . . . 1 . . Swarmer 8 | . 5 . . 3 . Grunt 13 | . 1 . 1 11 . Duelist 1 | . . . . . 1 Sentry 6 | . . 2 2 . 2 Programmer 3 | . . . . 3 . Best Kill Streak 6 | 1 6 1 3 5 4 Combat Bots Only 5 | . 3 1 1 5 2 Max Kills in Single Turn 3 | 1 2 1 1 3 2 Gunslinging 1 | . 1 . . . . Exploded 3 | . . . . 3 2 Melee . | . . . . . . Uniques/NPCs Destroyed . | . . . . . . Combat | -11 -10 -9 -9 -9 -8 -------- Run | Yrd Mat Mat Sto Gar Mat Hostile Shots Fired 329 | . 49 22 37 112 109 Missed 103 | . 15 3 4 36 45 Damage Taken 3642 | . 301 286 476 1027 1552 Core 983 | . 61 90 86 194 552 Absorbed by Shields 55 | . . . . . 55 Core Remaining (%) 60 | 100 75 . . 7 . Volleys Fired 208 | 1 38 10 32 90 37 Largest 2 | 2 2 2 2 2 2 Hottest 113 | 40 40 43 46 80 113 Shots Fired 380 | 2 75 20 63 156 64 Gun 354 | 2 75 20 63 136 58 Cannon 4 | . . . . . 4 Launcher 22 | . . . . 20 2 Special . | . . . . . . Kinetic 221 | 2 75 20 63 61 . Thermal 133 | . . . . 75 58 Explosive 22 | . . . . 20 2 Electromagnetic 4 | . . . . . 4 Robot Hit Streak 24 | 1 5 7 10 24 13 Robot Miss Streak 8 | 1 8 3 2 2 3 Penetration Max . | . . . . . . Secondary Targets 2 | . 1 . 1 . . Max Gunslinging Chain 1 | . 1 . 1 . . Shots Hit Robots 239 | 1 39 14 37 101 47 Core Hits 107 | 1 18 4 10 47 27 Critical Kills . | . . . . . . Critical Parts Destroyed . | . . . . . . Critical Strikes . | . . . . . . Melee Attacks . | . . . . . . Impact . | . . . . . . Slashing . | . . . . . . Piercing . | . . . . . . Sneak Attacks . | . . . . . . Combat Hostiles . | . . . . . . Follow-up Attacks . | . . . . . . Damage Inflicted 4104 | 15 466 175 533 2034 881 Guns 2833 | 15 461 175 533 1157 492 Cannons 41 | . . . . . 41 Explosions 1225 | . . . . 877 348 Melee . | . . . . . . Ramming 5 | . 5 . . . . Kinetic 1698 | 15 461 175 533 514 . Thermal 1150 | . . . . 643 507 Explosive 1225 | . . . . 877 348 Electromagnetic 26 | . . . . . 26 Impact . | . . . . . . Slashing . | . . . . . . Piercing . | . . . . . . Highest Corruption 4 | . 4 . . 2 . Average Corruption 1 | . 1 . . 2 . Corruption Purged . | . . . . . . Corruption Blocked . | . . . . . . Effects 12 | . 6 . . 6 . Message Errors 3 | . 1 . . 2 . Matter Fused 1 | . 1 . . . . Heat Flow Errors 2 | . 1 . . 1 . Energy Discharges 1 | . . . . 1 . Data Loss (minor) 3 | . 2 . . 1 . Misfires 1 | . . . . 1 . Alerts 1 | . 1 . . . . Overload Shots . | . . . . . . Overflow Damage 93 | . . . . 93 . Projectiles . | . . . . . . Explosions 93 | . . . . 93 . Melee . | . . . . . . Knockbacks . | . . . . . . Impact . | . . . . . . Kinetic . | . . . . . . Secondary . | . . . . . . Self-Inflicted Damage 133 | . . . . 92 41 Shots 6 | . . . . 4 2 Rammed . | . . . . . . Targets Rammed 1 | . 1 . . . . Kicked 1 | . 1 . . . . Crushed . | . . . . . . Highest Temperature 170 | . 80 18 15 170 126 Average Temperature 33 | . 18 13 7 93 21 Received Heat Transfer 954 | . 54 96 153 354 297 Siege Activations . | . . . . . . Robots Corrupted . | . . . . . . Combat Hostiles . | . . . . . . Parts Fried . | . . . . . . Impact Corruptions . | . . . . . . Robots Melted 1 | . . . . 1 . Combat Hostiles . | . . . . . . Parts Melted 4 | . . . . 2 2 Heat Transferred 2620 | . . . . 1450 1170 Parts Sabotaged . | . . . . . . Parts Stolen . | . . . . . . Parts Stripped . | . . . . . . Power Chain Reactions . | . . . . . . Alert | -11 -10 -9 -9 -9 -8 ------- Run | Yrd Mat Mat Sto Gar Mat Peak Influence 599 | 5 145 141 157 599 409 Initial 291 | . 3 61 59 102 291 Average 237 | 1 76 108 81 410 343 Maximum Alert Level 2 | . . . . 2 2 Low Security (%) 52 | 100 100 100 100 5 . Level 1 22 | . . . . 31 98 Level 2 25 | . . . . 63 1 Level 3 . | . . . . . . Level 4 . | . . . . . . Level 5 . | . . . . . . High Security . | . . . . . . Max Security . | . . . . . . Squads Dispatched 7 | . . 1 3 . 3 Investigation . | . . . . . . Extermination . | . . . . . . Reinforcement 5 | . . 1 1 . 3 Assault . | . . . . . . Garrison 2 | . . . 2 . . Intercept . | . . . . . . Searches Triggered . | . . . . . . Construction Impeded 1 | . . . . . 1 Haulers Reinforced . | . . . . . . Active Scanning Responses . | . . . . . . Cargo Convoy Interrupts . | . . . . . . Stealth | -11 -10 -9 -9 -9 -8 --------- Run | Yrd Mat Mat Sto Gar Mat Distress Signals 4 | . 2 . 2 . . Communications Jammed . | . . . . . . Distress Signals . | . . . . . . Times Spotted 58 | . 11 4 6 16 21 Peak Tracking Total 11 | . 6 3 3 4 11 Tactical Retreats 3 | . . . . . 3 Traps | -11 -10 -9 -9 -9 -8 ------- Run | Yrd Mat Mat Sto Gar Mat Traps Triggered 10 | . 5 . . 5 . Indirectly . | . . . . . . Trap Hack Attempts . | . . . . . . Triggered . | . . . . . . Disarmed . | . . . . . . Reprogrammed . | . . . . . . Reused . | . . . . . . Traps Extracted . | . . . . . . Installed . | . . . . . . Triggered . | . . . . . . Machines | -11 -10 -9 -9 -9 -8 ---------- Run | Yrd Mat Mat Sto Gar Mat Machines Disabled 1 | . . . . 1 . Max in Single Turn 1 | . . . . 1 . Garrison Relay 1 | . . . . 1 . Machines Repaired . | . . . . . . Machines Dismantled . | . . . . . . Machines Sabotaged . | . . . . . . Overloaded Fab Kills . | . . . . . . Hacking | -11 -10 -9 -9 -9 -8 --------- Run | Yrd Mat Mat Sto Gar Mat Machines Accessed 6 | . 3 . 1 2 . Terminals 5 | . 3 . . 2 . Fabricators . | . . . . . . Repair Stations . | . . . . . . Recycling Units . | . . . . . . Scanalyzers . | . . . . . . Garrison Access 1 | . . . 1 . . Total Hacks 15 | . 9 . 1 5 . Successful 7 | . 4 . 1 2 . Failed 8 | . 5 . . 3 . Catastrophic 4 | . 2 . . 2 . Database Lockouts . | . . . . . . Manual 4 | . 4 . . . . Terminals 14 | . 9 . . 5 . Fabricators . | . . . . . . Repair Stations . | . . . . . . Recycling Units . | . . . . . . Scanalyzers . | . . . . . . Garrison Access 1 | . . . 1 . . Terminal Hacks 6 | . 4 . . 2 . Prototype ID Bank 1 | . 1 . . . . Emergency Access Points 1 | . . . . 1 . Terminal Index 1 | . 1 . . . . Alert Level 2 | . 2 . . . . Patrol Navigation 1 | . . . . 1 . Fabricator Hacks . | . . . . . . Repair Station Hacks . | . . . . . . Recycling Unit Hacks . | . . . . . . Scanalyzer . | . . . . . . Garrison Access Hacks 1 | . . . 1 . . Unlock Access 1 | . . . 1 . . Unauthorized Hacks . | . . . . . . Terminals . | . . . . . . Fabricators . | . . . . . . Repair Stations . | . . . . . . Recycling Units . | . . . . . . Scanalyzers . | . . . . . . Garrison Access . | . . . . . . Data Cores Recovered 1 | . 1 . . . . Used . | . . . . . . Hacking Detections 5 | . 3 . . 2 . Full Trace Events 2 | . 1 . . 1 . Feedback Events . | . . . . . . Feedback Blocked . | . . . . . . Robot Schematics Acquired . | . . . . . . Robots Built . | . . . . . . Authchips . | . . . . . . Time . | . . . . . . Total Robot Build Rating . | . . . . . . Part Schematics Acquired . | . . . . . . Parts Built . | . . . . . . Authchips . | . . . . . . Time . | . . . . . . Total Part Build Rating . | . . . . . . Parts Repaired . | . . . . . . Time . | . . . . . . Parts Recycled . | . . . . . . Recycled Matter . | . . . . . . Retrieved Matter . | . . . . . . Retrieved Components . | . . . . . . Parts Scanalyzed . | . . . . . . Part Schematics Acquired . | . . . . . . Parts Damaged . | . . . . . . Bothacking | -11 -10 -9 -9 -9 -8 ------------ Run | Yrd Mat Mat Sto Gar Mat Used RIF Installer . | . . . . . . Robots Hacked . | . . . . . . Non-combat . | . . . . . . Combat . | . . . . . . Robot Hacks Applied . | . . . . . . Relay Couplers Released 3 | . . . . 3 . Machine Destruction 3 | . . . . 3 . Fabnet Peak Effective % . | . . . . . . Robots Rewired . | . . . . . . Allies Hacked . | . . . . . . Hacks Repelled . | . . . . . . Allies | -11 -10 -9 -9 -9 -8 -------- Run | Yrd Mat Mat Sto Gar Mat Total Allies . | . . . . . . Largest Group . | . . . . . . Highest-Rated Group . | . . . . . . Highest-Rated Ally . | . . . . . . Total Orders . | . . . . . . Ally Attacks . | . . . . . . Total Damage . | . . . . . . Kills . | . . . . . . Allies Corrupted . | . . . . . . Allies Melted . | . . . . . . Intel | -11 -10 -9 -9 -9 -8 ------- Run | Yrd Mat Mat Sto Gar Mat Robot Analysis Total . | . . . . . . Derelict Logs Recovered . | . . . . . . Drone Launches . | . . . . . . Drone Recoveries . | . . . . . . Exploration | -11 -10 -9 -9 -9 -8 ------------- Run | Yrd Mat Mat Sto Gar Mat Turns Passed 2363 | 59 708 117 297 948 234 Spaces Moved 1010 | 51 304 43 113 376 123 Core 46 | 22 . . . . 24 Treads . | . . . . . . Legs 940 | 29 304 43 113 376 75 Wheels . | . . . . . . Hover . | . . . . . . Flight 24 | . . . . . 24 Fastest Speed 35 | 50 120 190 120 120 35 Average Speed 163 | 89 189 190 171 170 93 Slowest Speed 260 | 120 260 190 190 190 260 Overloaded Moves . | . . . . . . Propulsion Burnouts . | . . . . . . Robots Hopped 4 | . . . . . 4 Cave-ins Triggered . | . . . . . . Exploration Rate (%) 21 | 3 42 6 24 40 16 Regions Visited 5 Branch Regions 1 Pre-discovered Areas . | . . . . . . Known Exits Taken 1 | . . . 1 . . Unknown Exits Taken 3 | 1 1 1 . . . Scrap Searched . | . . . . . . Spaces Dug . | . . . . . . Terrain Destroyed 133 | . . . . 124 9 Melee . | . . . . . . Projectile . | . . . . . . AOE 133 | . . . . 124 9 Terrain Rammed . | . . . . . . Walls Destroyed . | . . . . . . Machines Disabled . | . . . . . . Actions | -11 -10 -9 -9 -9 -8 --------- Run | Yrd Mat Mat Sto Gar Mat Total 1336 | 59 363 58 153 532 171 Wait 4 | . 1 . . 2 1 Move 998 | 50 303 42 112 375 116 Hop 3 | . . . . . 3 Pick Up 28 | 1 9 2 3 11 2 Fast Attach 21 | 7 4 1 1 3 5 Attach 19 | . . 2 1 10 6 Detach . | . . . . . . Swap 17 | . 4 1 2 9 1 Drop 12 | . 3 . 2 7 . Fire 208 | 1 38 10 32 90 37 Melee . | . . . . . . Ram . | . . . . . . Kick 1 | . 1 . . . . Crush . | . . . . . . Escape Stasis 25 | . . . . 25 . Rewire . | . . . . . . Trap . | . . . . . . Miscellaneous . | . . . . . . Route ------- -11/Scrapyard -10/Materials -9/Materials -9/Storage -9/Garrison -8/Materials History --------- Turn | Location | Event 6 | -11/Scrapyard | Discovered new exit (range 16) 60 | -11/Scrapyard | Entered Materials 302 | -10/Materials | Build established: Mutant 750 | -10/Materials | Discovered new exit (range 7) 768 | -10/Materials | Entered another Materials area 768 | -9/Materials | Evolved 2 slots: Propulsion x1, Utility x1 793 | -9/Materials | Discovered new exit (range 15) 885 | -9/Materials | Entered Storage 1021 | -9/Storage | Garrison activated, responded to threat 1165 | -9/Storage | Identified exit to Garrison 1182 | -9/Storage | Entered Garrison 1207 | -9/Garrison | Build established: Scavenger-Mutant 1234 | -9/Garrison | Triggered checkpoint 1259 | -9/Garrison | Core integrity fell below 50% 1314 | -9/Garrison | Garrison Relay disabled 1509 | -9/Garrison | Triggered checkpoint 1700 | -9/Garrison | Triggered checkpoint 1752 | -9/Garrison | Lost 3 parts (1p2w) 1778 | -9/Garrison | Triggered checkpoint 1805 | -9/Garrison | Discovered new exit (range 10) 1969 | -9/Garrison | Core integrity fell below 20% 2016 | -9/Garrison | Lost 7 parts (2p1n2u2w) 2130 | -9/Garrison | Entered Materials 2130 | -8/Materials | Evolved 2 slots: Propulsion x1, Utility x1 2302 | -8/Materials | Lost 5 parts (1n1u3w) 2341 | -8/Materials | Released all parts (2) 2345 | -8/Materials | Core integrity fell below 50% 2354 | -8/Materials | Core integrity fell below 20% 2364 | -8/Materials | Destroyed by G-47 Trooper with Particle Gun Last Messages --------------- 02336_ U-05 Engineer lays Concrete. 02337_ U-05 Engineer builds a Wall. 02337_ U-05 Engineer lays Concrete. 02341_ R-06 Scavenger collects Ion Engine. 02341_ Released Aluminum Leg. 02341_ Released Lrg. Storage Unit. 02343_ U-05 Engineer lays Concrete. 02345_ U-05 Engineer builds a Wall. 02346_ U-05 Engineer builds a Door. 02346_ Knocked back. 02346_ Acquired Imp. Targeting Computer. 02348_ M-13 Machinist repairs H-61 Shepherd. 02348_ Acquired 1 matter. 02353_ Acquired 16 matter. 02354_ Acquired 20 matter. 02354_ T-07 Excavator knocked back. 02355_ Acquired Prototype Flight Unit. 02355_ Identified Imp. VTOL Module. 02355_ M-13 Machinist repairs Hvy. Assault Cannon. 02364_ S-10 Pest destroyed. Map ----- +----------------------------------------------------+ | ?????????????????????????????????????????????????? | | ?????????????????????????????????????????????????? | | ?????????????????????????????????????????????????? | | ?????????????????????????????????????????????????? | | ?????????????????????????????????????????????????? | | ?????????????????????????????????????????????????? | | ?????????????????????????????????????????????????? | | ?????????????????????????????????????????????????? | | ?????????????????????????????????????????????????? | | ?????????????????????????????????????????????????? | | ?????????????????????????????????????????????????? | | ?????????????????????????????????????????????????? | | ?????????????????????????????????????????????????? | | ????????????????# ???????????????????????????????? | | ????????????????# ???????????????????????????????? | | ????????????????? ????????????????????????? ????? | | ?????????????+#??? ?????????????????????????????? | | ????????????? ###k#######??????????????????????? | | ????????????? "T" #???????????????? ?????? | | ??????????????? s #??????????????????????? | | ??????????????? "s #???????????????????#??? | | ???????????????""" %[ C?????????????#??????#?? | | ???????????????""" #??????????????????????? | | ?????????????? """ #??????#?????????#?????? | | ?????????????? "" g##??????????#?????##?### | | ???????????????""" @ ##################### | | ?????????????? "" gg | | ???????????????""" k | | ?????????????? " | | ????????????? ##################### | | ???????????? #??????????########### | | ???????????? #??????????## # | | ???????????? #?????????#?# # | | ????????????? #???????????# + | | ????????????? ! #???????????# # | | ?????????????? #???????????# # | | ?????????????? #???????#???# # | | ???????????????"###+########??????????## = #* | | ???????????????????????????????????#???# %#% | | ???????????????????????????????????????# !/= | | ??????????????????????????????????????######## ## | | ???????????????????????????????????????????# | | ???????????????????????????????????????????# """ | | ??????????????????????????????????????#???## """ | | ???????????????????????????????????#??????#!=""" = | | ??????????????????????????????????????????##! | | ????????????????????????????????????#??????# | | ???????????????????????????????????????????####### | | | | | +----------------------------------------------------+ Best States ------------- Heat Dissipation 38 Energy Generation 12 Energy Capacity 265 Matter Stores 300 Matter Capacity 300 Sight Range 16 Terrain Scan Range 14 Terrain Scan Density 10 Armor Coverage 150 Evasion (%) 63 Targeting Accuracy 6 Item Schematics ----------------- None Robot Schematics ------------------ None Fabricated ------------ Nothing Alien Tech Used ----------------- None Achievements -------------- None Challenges ------------ None Game ------ Seed StorageWeightDoublenader Manual? 0 Play Time 00:13:59 Cumulative 139.6 hours Start 2024.12.31 @ 21:44:00 End 2024.12.31 @ 21:58:39 Sessions 1 Manual Loads 0 Difficulty Rogue Special Mode None Game No. 158 Rogue 158 Adventurer 0 Explorer 0 Win Type - Total 3 Types 2/0/1/0/0/0/0/0/0 Lore% 62 Gallery% 68 Achievement% 52 Wizard Run 0 Options --------- Layout 0 ASCII 0 Keyboard 1 Movement Numpad Keybinds 0 Fullscreen 2 Font 18/SmallcapsGlow Map View 76x50 Zoom Use 0% Tactical HUD 1 Map Filters NONE Filters NONE Steam 1 RUN: 80c2f314-d26b-4864-9fda-ac00aaae6f65